 Dungeon Crawl Stone Soup version 0.27-a0-1431-gcffa5a9b16 (webtiles) character file.

Game seed: 16230980809692501577

2090 robertstho the Protected (level 9, 0/82 HPs)
             Began as a Minotaur Berserker on July 2, 2021.
             Was an Elder of Trog.
             Shot with an arrow by a centaur (10 damage)
             ... on level 7 of the Dungeon.
             The game lasted 00:09:32 (6511 turns).

robertstho the Protected (Minotaur Berserker)       Turns: 6511, Time: 00:09:33

Health: 0/82       AC: 10    Str: 25    XL:     9   Next: 6%
Magic:  8/8        EV: 11    Int:  5    God:    Trog [****..]
Gold:   117        SH:  0    Dex:  9    Spells: 8/8 levels left

rFire    . . .     SeeInvis +   h - +0 war axe
rCold    . . .     Faith    .   (no shield)
rNeg     + . .     Spirit   .   t - +0 ring mail {rPois}
rPois    +         Reflect  .   l - +2 hat
rElec    .         Harm     .   (no cloak)
rCorr    .         Rampage  .   c - +0 pair of gloves
Will     ++...                  (no boots)
Stlth    ..........             (no amulet)
HPRegen  1.23/turn              j - ring of positive energy
MPRegen  0.11/turn              d - ring of see invisible

@: about to teleport, strong-willed (expiring), on berserk cooldown, very
slightly contaminated, regenerating (expiring), slowed, invisible, very slow
A: horns 2, retaliatory headbutt
a: Renounce Religion, Berserk, Trog's Hand, Brothers in Arms


You were on level 7 of the Dungeon.
You worshipped Trog.
Trog was greatly pleased with you.
You visited 1 branch of the dungeon, and saw 7 of its levels.
You also visited: Sewer.

You collected 337 gold pieces.
You spent 220 gold pieces at shops.

Inventory:

Hand Weapons
 h - a +0 war axe (weapon)
Missiles
 f - 2 curare-tipped darts (quivered)
 p - a throwing net
Armour
 c - a +0 pair of gloves (worn)
 l - a +2 hat (worn)
 o - a +0 chain mail
 t - a +0 ring mail of poison resistance (worn)
Jewellery
 d - a ring of see invisible (right hand)
 j - a ring of positive energy (left hand)
Scrolls
 e - a scroll of amnesia {unknown}
 i - a scroll of immolation {unknown}
 n - a scroll of teleportation
Potions
 b - a potion of degeneration
 g - 3 potions of mutation
 m - 2 potions of flight
 s - a potion of lignification


   Skills:
 * Level 8.3 Fighting
 + Level 8.2 Axes
 * Level 9.5 Armour
 + Level 3.4 Dodging


You had 8 spell levels left.
You didn't know any spells.
Your spell library was empty.

Dungeon Overview and Level Annotations

Branches:
Dungeon (7/15)             Temple (0/1) D:6           Sewer (visited)

Altars:
Qazlal
Uskayaw
Zin

Shops:
D:3 !   D:5 !   D:6 *


Innate Abilities, Weirdness & Mutations

You have a pair of horns on your head.
You reflexively headbutt those who attack you in melee.


Message History

You hear a shout!
You hear a bark!
A kobold brigand comes into view.
It is wielding a +0 dagger and quivering curare-tipped darts.
A centaur comes into view. It is wielding a +0 dagger.
The kobold brigand throws a curare-tipped dart.
The curare-tipped dart hits you.
You have difficulty breathing.
* * * LOW HITPOINT WARNING * * *
You feel as though you will be slow longer.
The centaur unwields a +0 dagger.
The centaur wields a +0 shortbow.
The centaur shoots an arrow.
The arrow completely misses you.
It was a potion of invisibility.
You fade into invisibility!
You feel the effects of Trog's Hand fading.
The centaur shoots an arrow.
The arrow closely misses you.
A kobold comes into view.
It is wielding a +2 short sword of venom.
A hound comes into view.
The steam dragon bites you but does no damage.
The steam dragon barely misses you.
You are very lightly contaminated with residual magic.
An orc comes into view. It is wielding a +0 dagger.
As you read the scroll of teleportation, it crumbles to dust.
You feel strangely unstable.
The orc shouts!
You hear a shout!
The kobold brigand throws a curare-tipped dart.
The curare-tipped dart closely misses you.
The steam dragon breathes steam at you. The ball of steam hits you!
* * * LOW HITPOINT WARNING * * *
A kobold comes into view. It is wielding a +0 club.
The kobold shouts!
You hear a shout!
As you read the scroll labelled WEV XUDUJERE, it crumbles to dust.
Your body is wracked with pain!
* * * LOW HITPOINT WARNING * * *
The steam dragon convulses!
The orc priest convulses!
The hound convulses!
The kobold brigand convulses!
The orc convulses!
The centaur convulses!
The kobold convulses!
It was a scroll of torment.
The kobold shouts!
The steam dragon barely misses you.
The steam dragon claws you but does no damage.
The centaur shoots an arrow.
The arrow hits you!
You die...

#......... .... #.#......
#........ #.#....K#
#.......# #.#....K#
#.......# #
#<####..#####.......# ..
#....#cK....#.......# ...
#.#........)......###....
#.#....#.§.h#............
#......D@§§......).......
###...?§§...###..).......
#.....)...# #.#).......
#....o..).###..........
#.....o/)..##..........
#...........#....#.###.
#####.......#....#.#
#.......#.#... .
#...[...#.#....#.


You could see a steam dragon (catching breath), a kobold brigand, a centaur, a
hound, an orc priest, an orc (wandering) and 2 kobolds.

Vanquished Creatures
  Grinder (Sewer)
  2 orc warriors
  2 necrophages (D:6)
  A sky beast (D:6)
  An ogre (D:5)
  3 phantoms
  A kobold brigand (Sewer)
  A bullfrog (D:6)
  A gnoll sergeant (D:5)
  A wyvern zombie (D:6)
  A water moccasin zombie (D:5)
  A water moccasin skeleton (D:5)
  2 bullfrog zombies
  2 jellies
  A quasit (Sewer)
  2 orc priests (D:6)
  4 hounds
  3 iguanas
  A scorpion zombie (D:5)
  An orc wizard (D:7)
  8 gnolls
  4 adders
  5 shadow imps
  3 ufetubi
  4 worms
  23 orcs
  5 ball pythons
  2 endoplasms (D:3)
  10 giant cockroaches
  8 goblins
  4 hobgoblins
  A jackal (D:2)
  7 quokkas
  5 bats
  5 frilled lizards
  23 kobolds
  2 rats (D:3)
151 creatures vanquished.

Vanquished Creatures (others)
  An adder zombie (Sewer)
  An orc (D:7)
  An endoplasm (Sewer)
  A plant (D:1)
4 creatures vanquished.

Grand Total: 155 creatures vanquished

Notes
Turn   | Place    | Note
-------+----------+-------------------------------------------
     0 | D:1      | robertstho the Minotaur Berserker began the quest for the
                  | Orb.
     0 | D:1      | Reached XP level 1. HP: 19/19 MP: 0/0
   176 | D:1      | Reached XP level 2. HP: 25/27 MP: 1/1
   340 | D:1      | Found a faded altar of an unknown god.
   763 | D:2      | Reached XP level 3. HP: 29/33 MP: 2/2
  1253 | D:2      | Reached skill level 3 in Armour
  1319 | D:2      | Reached ** piety under Trog
  1888 | D:3      | Reached XP level 4. HP: 41/41 MP: 3/3
  2173 | D:3      | Found Yrubitz's Distillery.
  2180 | D:3      | Bought a potion of heal wounds for 60 gold pieces
  2180 | D:3      | Bought a potion of degeneration for 12 gold pieces
  2277 | D:4      | Found a glowing drain.
  2306 | Sewer    | Entered a sewer
  2351 | Sewer    | Reached skill level 4 in Armour
  2456 | Sewer    | Reached skill level 5 in Fighting
  2456 | Sewer    | Reached XP level 5. HP: 24/48 MP: 4/4
  2460 | Sewer    | Reached *** piety under Trog
  2461 | Sewer    | Found a burning altar of Makhleb.
  2580 | Sewer    | Noticed Grinder
  2602 | Sewer    | Paralysed by Grinder for 4 turns
  2618 | Sewer    | Paralysed by Grinder for 6 turns
  2627 | Sewer    | Paralysed by Grinder for 4 turns
  2631 | Sewer    | Killed Grinder
  2632 | Sewer    | Reached skill level 5 in Axes
  2632 | Sewer    | Reached skill level 5 in Armour
  2632 | Sewer    | Reached XP level 6. HP: 18/57 MP: 5/5
  3009 | D:4      | Reached XP level 7. HP: 57/63 MP: 6/6
  3191 | D:4      | Reached skill level 6 in Armour
  3669 | D:5      | Entered Level 5 of the Dungeon
  3994 | D:5      | Reached skill level 7 in Armour
  4232 | D:5      | Found Zoshusaq's Distillery.
  4240 | D:5      | Bought a potion of mutation for 88 gold pieces
  4273 | D:5      | Found a hide-covered altar of Uskayaw.
  4320 | D:5      | Reached XP level 8. HP: 66/73 MP: 7/7
  4552 | D:5      | Found a stormy altar of Qazlal.
  5123 | D:5      | Reached skill level 8 in Armour
  5552 | D:6      | Found a staircase to the Ecumenical Temple.
  5622 | D:6      | Reached **** piety under Trog
  5683 | D:6      | Reached skill level 9 in Armour
  5792 | D:6      | Found Magum's General Store.
  6016 | D:6      | Bought a potion of lignification for 45 gold pieces
  6016 | D:6      | Bought a scroll of noise for 15 gold pieces
  6230 | D:6      | Found a glowing silver altar of Zin.
  6313 | D:6      | Reached XP level 9. HP: 81/81 MP: 8/8
  6511 | D:7      | Shot with an arrow by a centaur

Illustrated notes

Levels and vault maps discovered:
D:1:      dpeg_arrival_radiant, layout_basic, shapermc_ecumenical_altar_gd
D:2:      layout_basic, st_stairs_2
D:3:      layout_rooms, serial_shops, shop_fountains
D:4:      layout_rooms, gup_sewer_entry_pipe
D:5:      layout_basic, kennysheep_mini_moat, amcnicky_altar_gilded,
          serial_shops, shop, uniq_grinder
D:6:      layout_loops_ring, zin_treasury, minmay_temple_entry_proselytizer,
          serial_shops, shop, kennysheep_generic_room_6
D:7:      layout_basic, serial_shops, nicolae_shop_statue_plus,
          hangedman_decor_peaks_small

Skill      XL: |  1  2  3  4  5  6  7  8 |
---------------+-------------------------+-----
Fighting       | 4 5 6 7 8 |  8.3
Axes           | 4 5 6 8 |  8.2
Armour         | 3 4 5 7 9 |  9.5
Dodging        | 3 |  3.4

Action                   |  1- 3 |  4- 6 |  7- 9 || total
-------------------------+-------+-------+-------++-------
Melee: Hand axe          |    90 |   138 |   239 ||   467
       Headbutt          |    15 |    21 |    53 ||    89
       War axe           |       |       |    13 ||    13
Invok: Berserk           |       |     3 |     5 ||     8
       Trog's Hand       |       |     2 |     1 ||     3
  Use: Scroll            |     1 |     2 |     3 ||     6
       Potion            |       |     5 |     1 ||     6
Armor: Animal skin       |     1 |       |       ||     1
       Scale mail        |    21 |       |       ||    21
       Chain mail        |    10 |   126 |   119 ||   255
       Ring mail         |       |       |     8 ||     8
Dodge: Dodged            |    53 |    75 |   115 ||   243

Table legend: (Time is in decaauts)
 A = Elapsed time spent in this place.
 B = Non-inter-level travel time spent in this place.
 C = Inter-level travel time spent in this place.
 D = Time resting spent in this place.
 E = Time spent auto-exploring this place.
 F = Levels seen in this place.
 G = Mean time per level.
                   A        B        C        D        E       F      G
               +--------+--------+--------+--------+--------+-----+--------+
         Total |   6614 |   6429 |    185 |    852 |   4427 |   8 |  826.8 |
       Dungeon |   6205 |   6020 |    185 |    766 |   4353 |   7 |  886.4 |
         Sewer |    408 |    408 |      0 |     86 |     74 |   1 |  408.0 |
               +--------+--------+--------+--------+--------+-----+--------+

Top non-repeatable levels by time:
     D:5: 1644 daAuts
     D:6: 1076 daAuts
     D:2: 979 daAuts
     D:4: 869 daAuts
     D:3: 802 daAuts
     D:1: 689 daAuts
   Sewer: 408 daAuts
     D:7: 144 daAuts
